 Dungeon Crawl Stone Soup version 0.30.0 (webtiles) character file.

Game seed: 4461465830422855786

16 workbot the Chopper (level 2, 0/24 HPs)
             Began as a Human Berserker on May 6, 2023.
             Was a Follower of Trog.
             Slain by a kobold
             ... wielding a +2 short sword of draining
              (5 damage)
             ... on level 1 of the Dungeon.
             The game lasted 00:00:48 (192 turns).

workbot the Chopper (Human Berserker)                Turns: 192, Time: 00:00:48

Health: 0/24       AC:  2    Str: 17    XL:     2   Next: 70%
Magic:  2/2        EV: 12    Int:  7    God:    Trog [*.....]
Gold:   24         SH:  0    Dex: 12    Spells: 1/1 levels left

rFire   . . .        a - +0 hand axe
rCold   . . .        (no shield)
rNeg    . . .        b - +0 animal skin
rPois   .            (no helmet)
rElec   .            (no cloak)
rCorr   .            (no gloves)
SInv    .            (no boots)
Will    .....        (no amulet)
Stlth   +            (no ring)
HPRegen 0.24/turn    (no ring)
MPRegen 0.08/turn

%: no passive effects
@: no status effects
A: no striking features
a: Renounce Religion, Berserk


You were on level 1 of the Dungeon.
You worshipped Trog.
Trog was aware of your devotion.
You visited 1 branch of the dungeon, and saw 1 of its levels.

You collected 24 gold pieces.

Inventory:

Hand Weapons
 a - a +0 hand axe (weapon)
Armour
 b - a +0 animal skin (worn)
 f - a +0 scale mail
Scrolls
 c - a scroll of summoning {unknown}
 d - a scroll of identify {unknown}
Potions
 e - a potion of curing {unknown}


   Skills:
 - Level 3.0 Fighting
 + Level 3.8 Axes
 - Level 2.0 Armour
 - Level 2.0 Dodging


You had one spell level left.
You didn't know any spells.
Your spell library contained the following spells:

 Spells                   Type           Power      Damage    Failure   Level
 Magic Dart               Conj           0%         1d3       43%         1
 Call Imp                 Summ           0%         N/A       56%         2
 Mephitic Cloud           Conj/Pois/Air  0%         N/A       80%         3


Dungeon Overview and Level Annotations

Branches:
Dungeon (1/15)

Altars:

Shops:
D:1 !


Message History

You miss the goblin.
The goblin is heavily wounded.
You recover from your berserk rage.
The goblin barely misses you.
A hobgoblin comes into view.
The hobgoblin shouts!
The ball python hisses angrily.
You hit the goblin.
You kill the goblin!
Trog accepts your kill.
You hear a shout! x2
A kobold comes into view.
It is wielding a +2 short sword of draining.
Things that are here:
a +0 dagger; a goblin corpse The ball python barely misses you. x2
You hit the ball python.
The ball python is moderately wounded.
The ball python closely misses you. The ball python grabs you.
The ball python constricts you.
A goblin comes into view. It is wielding a +0 club.
The ball python bites you but does no damage.
The ball python constricts you.
You hit the ball python.
You kill the ball python!
Trog accepts your kill.
You barely miss the hobgoblin. The hobgoblin completely misses you.
You closely miss the hobgoblin. The hobgoblin hits you.
* * * LOW HITPOINT WARNING * * *
You closely miss the hobgoblin. The hobgoblin closely misses you.
You barely miss the hobgoblin. You closely miss the kobold.
The kobold barely misses you. The hobgoblin barely misses you.
You hit the hobgoblin.
You kill the hobgoblin!
Trog accepts your kill.
You closely miss the kobold. The kobold barely misses you.
You hit the goblin.
The goblin is severely wounded.
You closely miss the kobold. The goblin hits you with a +0 club.
* * * LOW HITPOINT WARNING * * *
The kobold hits you with a +2 short sword of draining.
You die...

.#####.. .. #...K
..........# .....
.........## #..#..
..........# .?...#
#.##.#....# ...!##
#.........# # #.#.##
##.##.#....#
#...#...g###..........#
........K@#.###.......####
.......##..## ##.........#
#..........#####.)....##
#......##............##
#:###.. ......)...†### .
.$............#†#
.#...###########.#####
##### ##.. #>........#
....### ## #.#######.#


You could see a goblin and a kobold.

Vanquished Creatures
  3 endoplasms (D:1)
  A giant cockroach (D:1)
  A goblin (D:1)
  3 hobgoblins (D:1)
  A quokka (D:1)
  2 ball pythons (D:1)
  2 kobolds (D:1)
13 creatures vanquished.

Notes
Turn   | Place    | Note
-------+----------+-------------------------------------------
     0 | D:1      | workbot the Human Berserker began the quest for the Orb.
     0 | D:1      | Reached XP level 1. HP: 18/18 MP: 1/1
    94 | D:1      | Found Gotog's Distillery.
   146 | D:1      | Reached XP level 2. HP: 24/24 MP: 2/2
   192 | D:1      | Slain by a kobold

Illustrated notes

Levels and vault maps discovered:
D:1:      dpeg_arrival_chambers_temple_mockup, layout_loops_ring,
          hellmonk_ecumenical_altar_lost_god, serial_shops, shop

Action                     || total
---------------------------++-------
  Melee: Hand axe          ||    34
 Invoke: Berserk           ||     1
 Armour: Animal skin       ||     6
  Dodge: Dodged            ||    25
